 Dungeon Crawl Stone Soup version 0.27-a0-797-g27d10ad80f (webtiles) character file.

Game seed: 4492151589976048766

1 HoaS the Ducker (level 1, 0/18 HPs)
             Began as a Djinni Gladiator on Mar 27, 2021.
             Slain by a bat (1 damage)
             ... on level 1 of the Dungeon.
             The game lasted 00:00:43 (66 turns).

HoaS the Ducker (Djinni Gladiator)                    Turns: 66, Time: 00:00:43

Health: 0/18       AC:  4    Str: 13    XL:     1   Next: 20%
Gold:   0          EV: 12    Int:  9    God:
                   SH:  0    Dex: 14

rFire    + + .     SeeInvis .     - Unarmed
rCold    x . .     Faith    .   (no shield)
rNeg     . . .     Spirit   .   a - +0 leather armour
rPois    ∞         Reflect  .   b - +0 helmet
rElec    .         Harm     .   (no cloak)
rCorr    .         Rampage  .   (no gloves)
Will     .....                  (boots unavailable)
Stlth    +.........             (no amulet)
HPRegen  0.06/turn              (no ring)
MPRegen  0.00/turn              (no ring)

@: flying
A: fire resistance 2, cold vulnerability 1, float, innate caster, hp casting,
extra vitality 1
a: no special abilities


You were on level 1 of the Dungeon.
You visited 1 branch of the dungeon, and saw 1 of its levels.

Inventory:

Missiles
 c - 3 throwing nets (quivered)
Armour
 a - a +0 leather armour (worn)
 b - a +0 helmet (worn)


   Skills:
 + Level 2.0 Fighting
 - Level 1.5 Throwing
 + Level 3.3 Dodging
 * Level 3.0 Unarmed Combat
 + Level 0.0 Spellcasting


You couldn't memorise any spells.
You didn't know any spells.
Your spell library was empty.

Dungeon Overview and Level Annotations

Branches:
Dungeon (1/15)

Altars:


Innate Abilities, Weirdness & Mutations

You are immune to poison.
Your flesh is very heat resistant. (rF++)
You are vulnerable to cold. (rC-)
You float through the air rather than walking.
You learn spells naturally, not from books.
Your magical power is your life essence.
You have superior vitality. (+4 HP)


Message History

The bat closely misses you.
You closely miss the bat. The bat closely misses you.
The bat hits you but does no damage. The bat hits you but does no damage.
The bat closely misses you. The bat hits you but does no damage.
You miss the bat. The bat barely misses you.
You miss the bat. The bat closely misses you. The bat barely misses you.
You hit the bat but do no damage. The bat barely misses you.
The bat hits you but does no damage.
You closely miss the bat. The bat misses you. The bat barely misses you.
You closely miss the bat. The bat barely misses you.
The bat closely misses you. The hobgoblin barely misses you.
You closely miss the bat. The bat hits you but does no damage. x2
The hobgoblin hits you.
You barely miss the bat. The bat closely misses you.
The hobgoblin closely misses you.
You closely miss the bat. The bat misses you. The hobgoblin hits you.
You hit the hobgoblin but do no damage. The bat closely misses you.
The bat hits you but does no damage. The bat hits you.
The hobgoblin closely misses you.
You closely miss the hobgoblin. The bat misses you. The hobgoblin hits you.
You closely miss the hobgoblin. The bat closely misses you.
The hobgoblin closely misses you. The bat hits you but does no damage.
You hit the hobgoblin.
The hobgoblin is heavily wounded.
The bat hits you but does no damage. The hobgoblin barely misses you.
You closely miss the hobgoblin.
The hobgoblin is heavily wounded.
The bat hits you but does no damage. The hobgoblin closely misses you.
You hit the hobgoblin but do no damage.
The hobgoblin is heavily wounded.
The bat closely misses you. The hobgoblin barely misses you.
You barely miss the hobgoblin.
The hobgoblin is heavily wounded.
The bat closely misses you. The bat barely misses you. The hobgoblin hits you.
* * * LOW HITPOINT WARNING * * *
You hit the hobgoblin.
You kill the hobgoblin!
The bat hits you.
You die...

...# ##...## ....#..
#.#.###.#.#.## .#... .
#.##.#.##.##.## .......
#.###.###.###.## ..#....
##.##.#.##.####.##.......
.....###....†....'.#
##.### ###.####..#....#
##.# #.# #.#†#....# #.##
##.#.##@#....... .## #.#
#b#.#.##.. #.## #.#
#J#.#.# . ##.# #.# #.#..
. ##.### #. ..#.# ..
..<..# ..+ ##.##.# .##
#.# .# .# #.# .#


You could see an endoplasm and a bat.

Vanquished Creatures
  A hobgoblin (D:1)
  A frilled lizard (D:1)
  A rat (D:1)
3 creatures vanquished.

Notes
Turn   | Place    | Note
-------+----------+-------------------------------------------
     0 | D:1      | HoaS the Djinni Gladiator began the quest for the Orb.
     0 | D:1      | Reached XP level 1. HP: 18/18 MP: 0/0
    66 | D:1      | Slain by a bat

Illustrated notes

Levels and vault maps discovered:
D:1:      roderic_octagonal_star, layout_rooms, skrybe_limestone_x

Action                   || total
-------------------------++-------
Melee: Unarmed           ||    20
Armor: Leather armour    ||    13
Dodge: Dodged            ||    28

Table legend: (Time is in decaauts)
 A = Elapsed time spent in this place.
 B = Non-inter-level travel time spent in this place.
 C = Inter-level travel time spent in this place.
 D = Time resting spent in this place.
 E = Time spent auto-exploring this place.
 F = Levels seen in this place.
 G = Mean time per level.
                   A        B        C        D        E       F      G
               +--------+--------+--------+--------+--------+-----+--------+
         Total |     65 |     65 |      0 |      0 |     27 |   1 |   65.0 |
       Dungeon |     65 |     65 |      0 |      0 |     27 |   1 |   65.0 |
               +--------+--------+--------+--------+--------+-----+--------+

Top non-repeatable levels by time:
     D:1: 65 daAuts
